 Dungeon Crawl Stone Soup version 0.29-a0-360-g8ed1089bbe (webtiles) character file.

Game seed: 13378904942508554508

205422 Shayle the Protected (level 18, -16/119 HPs)
             Began as a Tengu Brigand on Apr 28, 2022.
             Was a Priest of Ashenzari.
             Killed from afar by Nikola (86 damage)
             ... with an arc of chain lightning
             ... on level 2 of the Elven Halls on Apr 29, 2022.
             The game lasted 03:18:33 (45352 turns).

Shayle the Protected (Tengu Brigand)               Turns: 45352, Time: 03:18:34

Health: -16/119    AC: 38    Str: 14    XL:     18   Next: 68%
Magic:  33/33      EV: 10    Int: 16    God:    Ashenzari [***...]
Gold:   3315       SH:  5    Dex: 23    Spells: 23/37 levels left

rFire   + + .      SeeInvis +   i - +8 lajatang (spect)
rCold   + + .      Faith    .   (shield currently unavailable)
rNeg    . . .      Spirit   .   T - +7 gold dragon scales of the Arcane {rPois rF+ rC+ Will+}
rPois   +          Reflect  +   Z - +1 hat
rElec   .          Harm     .   D - +1 cloak of Starlight {*Dazzle EV+4 Stlth--}
rCorr   .          Rampage  .   s - +1 pair of gloves "Cursed With Me" {Fort, Melee} (curse)
Will    ++++.      Clarity  +   (boots unavailable)
Stlth   ..........              O - amulet "Asceticism of Ashenzari" {Reflect SH+5, Melee, Self} (curse)
HPRegen 0.29/turn               f - ring of Curses and Power {AC+4, Comp, Alch} (curse)
MPRegen 0.23/turn               K - ring of Ashenzari's Oracle {rF+ rC+ Will++ Dex+6 Stlth-, Elem, Alch} (curse)

@: flying quickly and evasively, quick
A: beak, talons 3, nimble flight
}: 1/15 runes: gossamer
a: Renounce Religion, Curse Item, Shatter the Chains


You were on level 2 of the Elven Halls.
You worshipped Ashenzari.
Ashenzari was most pleased with you.
You visited 7 branches of the dungeon, and saw 33 of its levels.
You also visited: Sewer, Bailey and Gauntlet.

You collected 4077 gold pieces.
You spent 762 gold pieces at shops.

Inventory:

Hand Weapons
 i - a +8 spectral lajatang (weapon)
 M - the +7 rapier "Riumpe" {freeze, Int+4 Stlth+}
   (You found it on level 3 of the Spider Nest)

   It freezes those it strikes, dealing additional cold damage.
   It can also slow down cold-blooded creatures.
   Int:       It affects your intelligence (+4).
   Stlth:     It makes you more stealthy.
Missiles
 d - 89 poisoned darts
 e - 2 curare-tipped darts
 n - 6 throwing nets
 o - 6 silver javelins (quivered)
 S - 8 atropa-tipped darts
Armour
 g - a +3 kite shield
 s - the cursed +1 pair of gloves "Cursed With Me" (worn) {Fort, Melee}
   (You found it on level 4 of the Dungeon)

   It has a curse which improves the following skills: Fortitude: Armour and
   Shields.
   Melee Combat: Short Blades, Long Blades, Axes, Maces & Flails, Polearms,
   Staves and Unarmed Combat.
 D - the +1 cloak of Starlight (worn) {*Dazzle EV+4 Stlth--}
   (You found it in a Gauntlet)

   It may blind those who miss an attack against the wearer in melee combat.
   EV:        It affects your evasion (+4).
   Stlth:     It makes you much less stealthy.
 T - the +7 gold dragon scales of the Arcane (worn) {rPois rF+ rC+ Will+}
   (You took it off a minotaur in a Gauntlet)

   rF:        It protects you from fire.
   rC:        It protects you from cold.
   rPois:     It protects you from poison.
   Will:      It increases your willpower.
 Z - a +1 hat (worn)
Jewellery
 f - the cursed ring of Curses and Power (left hand) {AC+4, Comp, Alch}
   (You found it on level 1 of the Dungeon)

   [ring of protection]

   AC:        It affects your AC (+4).
   It has a curse which improves the following skills: Companions: Summonings
   and Necromancy.
   Alchemy:   Poison Magic and Transmutations.
 K - the cursed ring of Ashenzari's Oracle (right hand) {rF+ rC+ Will++ Dex+6 Stlth-, Elem, Alch}
   (You found it on level 6 of the Lair of Beasts)

   [ring of dexterity]

   Dex:       It affects your dexterity (+6).
   rF:        It protects you from fire.
   rC:        It protects you from cold.
   Will:      It greatly increases your willpower.
   Stlth:     It makes you less stealthy.
   It has a curse which improves the following skills: Elements: Fire Magic, Ice
   Magic, Air Magic and Earth Magic.
   Alchemy:   Poison Magic and Transmutations.
 O - the cursed amulet "Asceticism of Ashenzari" (around neck) {Reflect SH+5, Melee, Self}
   (You found it on level 9 of the Dungeon)

   [amulet of reflection]

   It reflects blocked missile attacks.
   SH:        It affects your SH (+5).
   It has a curse which improves the following skills: Melee Combat: Short
   Blades, Long Blades, Axes, Maces & Flails, Polearms, Staves and Unarmed
   Combat.
   Introspection: Fighting and Spellcasting.
Wands
 h - a wand of digging (6)
 t - a wand of paralysis (11)
 y - a wand of flame (51)
 z - a wand of charming (9)
 N - a wand of acid (2)
 V - a wand of mindburst (16)
 W - a wand of iceblast (13)
Scrolls
 a - a scroll of brand weapon
 b - a scroll of amnesia
 c - 2 scrolls of torment
 q - 4 scrolls of fear
 B - 3 scrolls of magic mapping
 I - 10 scrolls of teleportation
 J - 2 scrolls of blinking
 P - a scroll of fog
 Q - 2 scrolls of summoning
 Y - 3 scrolls of silence
Potions
 j - 5 potions of magic
 l - 11 potions of haste
 r - 3 potions of might
 u - 2 potions of lignification
 v - 4 potions of resistance
 x - a potion of heal wounds
 A - 17 potions of curing
 C - 3 potions of brilliance
 E - 2 potions of mutation
 F - 5 potions of cancellation
 G - 6 potions of ambrosia
 L - 3 potions of berserk rage
 X - 4 potions of invisibility
Miscellaneous
 p - a phantom mirror


   Skills:
 - Level 13.6(15.1) Fighting
 - Level 2.2(4.1) Short Blades
 - Level 12.8(15.2) Staves
 - Level 2.0 Throwing
 - Level 14.3(15.9) Armour
 - Level 8.2 Dodging
 - Level 7.5 Stealth
 - Level 9.3(10.9) Shields
 - Level 8.3(10.0) Spellcasting
 - Level 7.0(8.6) Summonings
 - Level 6.2(7.8) Necromancy
 - Level 5.3(7.7) Transmutations
 + Level 9.8(11.4) Fire Magic
 + Level 8.1(9.8) Ice Magic
 - Level 8.5(10.2) Air Magic
 + Level 6.8(8.4) Earth Magic
 - Level 6.5(9.0) Poison Magic


You had 23 spell levels left.
You knew the following spells:

 Your Spells              Type           Power      Damage    Failure   Level
a - Wereblood             Tmut           32%        N/A       71%         2
b - Poisonous Vapours     Pois/Air       76%        N/A       43%         2
c - Olgreb's Toxic Radia  Pois           36%        N/A       99%         4
d - Vampiric Draining     Necr           33%        2d8       89%         3
e - Frozen Ramparts       Ice            78%        1d9       65%         3

Your spell library contained the following spells:

 Spells                   Type           Power      Damage    Failure   Level
 Freeze                   Ice            100%       1d11      30%         1
 Summon Small Mammal      Summ           100%       N/A       43%         1
 Sting                    Tmut/Pois      100%       1d8       47%         1
 Animate Skeleton         Necr           66%        N/A       54%         1
 Pain                     Necr           100%       1d9       54%         1
 Sublimation of Blood     Necr           33%        N/A       69%         2
 Call Canine Familiar     Summ           35%        N/A       80%         3
 Foxfire                  Conj/Fire      100%       2x1d9     85%         1
 Airstrike                Air            20%        N/A       94%         4
 Summon Lightning Spire   Summ/Air       38%        N/A       98%         4
 Conjure Flame            Conj/Fire      26%        6-21      99%         3
 Inner Flame              Hex/Fire       26%        N/A       99%         3
 Apportation              Tloc           16%        N/A       100%        1
 Confusing Touch          Hex            8%         N/A       100%        3
 Gell's Gravitas          Tloc           8%         N/A       100%        3
 Lesser Beckoning         Tloc           8%         N/A       100%        3
 Portal Projectile        Hex/Tloc       16%        N/A       100%        3
 Teleport Other           Tloc           8%         N/A       100%        3
 Flame Wave               Conj/Fire      26%        2d7       100%        4
 Fulminant Prism          Conj/Hex       4%         3d6       100%        4
 Hailstorm                Conj/Ice       23%        3d7       100%        4
 Leda's Liquefaction      Hex/Erth       10%        N/A       100%        4
 Agony                    Necr           33%        N/A       100%        5
 Excruciating Wounds      Necr           16%        N/A       100%        5
 Lightning Bolt           Conj/Air       12%        1d25      100%        5
 Yara's Violent Unravell  Hex/Tmut       10%        3d6       100%        5
 Enfeeble                 Hex            4%         N/A       100%        7
 Storm Form               Tmut/Air       18%        N/A       100%        7
 Summon Hydra             Summ           17%        N/A       100%        7
 Discord                  Hex            4%         N/A       100%        8
 Maxwell's Capacitive Co  Air            20%        ∞         100%        8


Dungeon Overview and Level Annotations

Branches:
Dungeon (14/15)            Temple (1/1) D:4            Lair (6/6) D:11
  Swamp (4/4) Lair:3       Spider (4/4) Lair:4        Slime (0/5) Lair:5
    Orc (2/2) D:11            Elf (2/3) Orc:2         Sewer (visited)
 Bailey (visited)         Gauntlet (visited)
 Vaults: D:13-14

Altars:
Ashenzari
Cheibriados
Hepliaklqana
Nemelex Xobeh
Okawaru
Qazlal
Ru
Sif Muna
Uskayaw
Vehumet
Wu Jian
Xom
Yredelemnul
Zin
Beogh
Jiyva

Shops:
D:6 [   D:7 ?   D:12 [   D:14 !   Orc:2 *:[[[   Elf:1 (

Annotations:
Lair:2 2 runed translucent doors, Qyfeneh's ghost, journeyman DsFi
Lair:5 1 runed translucent door
Elf:2 Nikola


Innate Abilities, Weirdness & Mutations

You have a beak for a mouth.
You have claws for feet.
Your magical nature lets you fly swiftly and evasively.


Message History

You peck the +0 vorpal flail, but do no damage.
The +0 vorpal flail is heavily damaged.
Your +8 spectral lajatang hits the +0 vorpal flail!!
The +0 vorpal flail falls from the air.
You see here a +0 vorpal flail.
A deep elf knight comes into view.
The deep elf knight shouts!
The deep elf knight wields a +0 shortbow.
The deep elf knight shoots an arrow.
The arrow hits you but does no damage.
The deep elf knight shoots an arrow.
The arrow hits you.
The deep elf knight shoots an arrow.
The arrow hits you.
The deep elf knight shoots an arrow.
The arrow hits you but does no damage.
The deep elf knight points at you and mumbles some strange words.
The shard of ice hits you! You partially resist.
You closely miss the deep elf knight. Your kick misses the deep elf knight.
Your +8 spectral lajatang hits the deep elf knight!!
You strike the helpless deep elf knight from behind!
You slash the deep elf knight! You claw the deep elf knight.
The deep elf knight is almost dead.
Your +8 spectral lajatang hits the deep elf knight!!
You kill the deep elf knight!
Things that are here:
a +0 shortbow; an elf corpse Nikola the Mad Inventor comes into view.
He is wielding a +4 rapier of electrocution.
Nikola moves out of view.
Unknown command.
You start waiting.
You sense a monster nearby.
Nikola mumbles some strange words.
Lightning arcs from Nikola's hands!
The bolt of lightning hits you!!!
A bolt of lightning appears from out of thin air!
The bolt of lightning hits Nikola!
You hear a shout!
You slash Nikola! You claw Nikola, but do no damage.
Nikola is lightly wounded.
Your +8 spectral lajatang hits Nikola!!
Nikola gestures wildly while chanting.
Lightning arcs from Nikola's hands!
The bolt of lightning hits you!!!!
Ouch! That really hurt!
You die...

#...#### #######''........# ....#
#### ###............ ....# ##...#
##............... ....#
##.....###................#
#...#*#.......#....^.............
#...##...........................
#.#.##...........................
#.####..........(@......., .....
#.# #......)..@###..... .....
#.### ##........## **,@.. , .....
#...# ##.......# ,, . ..... ##..#
##.......## , .....
....###......### .....
##..##......## **,......#
##(##......# #.......
####......## ##...... ##..)...###
###.....#*


You could see Nikola and a friendly +8 spectral lajatang (summoned).

Vanquished Creatures
  Jorgrun (Swamp:2)
  A deep elf blademaster (Elf:2)
  A thorn hunter (Swamp:3)
  Donald (Spider:3)
  2 emperor scorpions
  A deep elf sorcerer (Elf:1)
  6 ghost moths
  3 broodmothers
  4 eleionomae
  Azrael (Orc:2)
  3 entropy weavers
  7 bunyips
  A minotaur (Gauntlet)
  4 spark wasps
  Josephine (D:13)
  A catoblepas (Lair:6)
  7 boulder beetles
  A merfolk avatar (Lair:6)
  6 hydras
  3 radroaches
  A death scarab (Spider:4)
  2 two-headed ogres
  8 alligators
  A centaur warrior (D:13)
  27 dancing weapons
  A death yak (D:12)
  2 tengu warriors (D:14)
  2 orc high priests
  Urug (Lair:3)
  9 deep elf knights
  A spriggan berserker (Swamp:3)
  7 pharaoh ants
  3 skeletal warriors
  A death drake (Swamp:3)
  7 goliath frogs
  A sixfirhy (Gauntlet)
  2 sun moths
  A swamp dragon (Swamp:3)
  Amaemon (Lair:1)
  A sea snake (Lair:6)
  A steelbarb worm (Spider:4)
  4 deep elf archers
  10 orb spiders
  A bog body (Swamp:4)
  9 orc knights (Orc:2)
  A wizard (Elf:1)
  17 deep elf pyromancers
  14 deep elf zephyrmancers
  2 ugly things
  3 orc sorcerers
  20 wolf spiders
  2 will-o-the-wisps (Swamp:3)
  3 cyclopes
  3 manticores
  A moth of wrath (Spider:3)
  7 elephants
  6 black mambas
  An orange demon (Lair:1)
  4 torpor snails
  A gargoyle (D:7)
  9 komodo dragons
  10 cane toads
  An unseen horror (D:12)
  A kobold demonologist (D:14)
  6 rime drakes
  6 demonic crawlers
  A tengu conjurer (D:12)
  A queen bee (shapeshifter) (Elf:1)
  A queen bee (Gauntlet)
  4 meliai (Spider:4)
  6 trolls
  A wolf spider simulacrum (D:11)
  23 hornets
  12 dream sheep
  4 polar bears
  23 tarantellas
  21 blink frogs
  A wind drake (Lair:6)
  11 tyrant leeches
  2 slime creatures (D:14)
  A snapping turtle (Lair:6)
  17 culicivoras
  3 water elementals
  25 jumping spiders
  27 yaks
  5 wraiths
  Sigmund (D:4)
  5 shadows (Gauntlet)
  Eustachio (D:6)
  3 vampires
  5 wyverns
  5 spriggans
  4 fire elementals
  A fire bat (shapeshifter) (Elf:1)
  45 redbacks
  4 basilisks
  2 steam dragons
  Grum (D:5)
  16 vampire mosquitoes
  13 wargs
  10 swamp worms
  Edmund (D:4)
  3 acid dragons
  15 water moccasins
  2 hell hounds (Orc:2)
  3 swamp drakes
  2 ice beasts (D:7)
  42 orc warriors
  2 sky beasts
  A black bear (Lair:3)
  9 ogres
  21 wolves
  2 boggarts (Elf:1)
  11 centaurs
  12 kobold brigands
  A necrophage (D:7)
  10 bullfrogs
  2 earth elementals
  7 scorpions
  6 gnoll sergeants
  11 wights
  14 killer bees
  A howler monkey (D:8)
  4 electric eels
  10 hounds
  2 jellies
  5 gnoll shamans
  6 orc priests
  Jessica (D:2)
  5 iguanas
  Natasha (twice) (D:2)
  12 orc wizards
  A hell rat (D:11)
  43 gnolls
  11 adders
  3 river rats
  2 shadow imps
  An ufetubus (Gauntlet)
  9 worms
  4 dart slugs
  81 orcs
  13 ball pythons
  5 bats
  12 endoplasms
  6 giant cockroaches
  5 goblins
  7 hobgoblins
  5 jackals (D:5)
  5 quokkas
  6 frilled lizards
  33 kobolds
  11 rats
1070 creatures vanquished.

Vanquished Creatures (collateral kills)
  Aizul (Spider:1)
  An emperor scorpion (Spider:4)
  An entropy weaver (Spider:4)
  A moth of wrath (Spider:1)
  A demonic crawler (Spider:1)
  2 hornets (Spider:4)
  2 jumping spiders (Spider:1)
9 creatures vanquished.

Vanquished Creatures (others)
  2 bloated husks
  6 foxfires (Swamp:3)
  51 fungi
  157 plants
216 creatures vanquished.

Grand Total: 1295 creatures vanquished

Notes
Turn   | Place    | Note
-------+----------+-------------------------------------------
     0 | D:1      | Shayle the Tengu Brigand began the quest for the Orb.
     0 | D:1      | Reached XP level 1. HP: 12/12 MP: 2/2
   153 | D:1      | Reached XP level 2. HP: 17/17 MP: 3/3
   554 | D:1      | Reached XP level 3. HP: 22/22 MP: 3/5
   757 | D:2      | Noticed Jessica
   759 | D:2      | Killed Jessica
   760 | D:2      | Reached skill level 1 in Spellcasting
   808 | D:2      | Reached XP level 4. HP: 27/27 MP: 6/6
   822 | D:2      | Noticed Natasha
   830 | D:2      | Killed Natasha
   964 | D:2      | Noticed Natasha
   970 | D:2      | Killed Natasha
   971 | D:2      | Gained mutation: Your magical nature lets you fly swiftly
                  | and evasively. [Tengu growth]
   971 | D:2      | Reached XP level 5. HP: 20/32 MP: 8/8
  1831 | D:3      | Found a glowing drain.
  1839 | Sewer    | Entered a sewer
  2037 | Sewer    | Noticed a kobold brigand
  2056 | Sewer    | Killed a kobold brigand
  2057 | Sewer    | Reached skill level 5 in Stealth
  2057 | Sewer    | Reached XP level 6. HP: 35/37 MP: 8/10
  2640 | Sewer    | Reached XP level 7. HP: 43/43 MP: 12/12
  2696 | Sewer    | Learned a level 2 spell: Wereblood
  2865 | D:3      | Found a faded altar of an unknown god.
  2882 | D:3      | Identified the ring "Hoiwesm" {rPois rC+++ rCorr EV+4
                  | Dex-3}
  3724 | D:4      | Found a staircase to the Ecumenical Temple.
  3743 | Temple   | Entered the Ecumenical Temple
  3763 | Temple   | Became a worshipper of Ashenzari the Shackled
  4046 | Temple   | Learned a level 2 spell: Poisonous Vapours
  4057 | Temple   | Identified a scroll of acquirement
  4057 | Temple   | Acquired a +0 spectral lajatang
  4155 | D:4      | Reached XP level 8. HP: 42/48 MP: 14/14
  4577 | D:4      | Noticed Edmund
  4593 | D:4      | Killed Edmund
  4594 | D:4      | Reached skill level 1 in Air Magic
  4625 | D:4      | Noticed Sigmund
  4627 | D:4      | Killed Sigmund
  4628 | D:4      | Reached skill level 1 in Staves
  4628 | D:4      | Reached skill level 1 in Poison Magic
  4706 | D:5      | Entered Level 5 of the Dungeon
  4794 | D:5      | Reached skill level 1 in Transmutations
  4796 | D:5      | Reached skill level 5 in Dodging
  4911 | D:4      | Reached skill level 5 in Fighting
  5120 | D:5      | Found a sacrificial altar of Ru.
  5120 | D:5      | Found an ornate altar of the Wu Jian Council.
  5122 | D:5      | Found a sparkling altar of Nemelex Xobeh.
  5204 | D:5      | Reached XP level 9. HP: 51/54 MP: 16/16
  5259 | D:5      | Identified the +8 hand axe "Nafralig" {venom, rF+}
  5607 | D:5      | Noticed Grum
  5612 | D:5      | Killed Grum
  5707 | D:5      | Reached * piety under Ashenzari
  5754 | D:6      | Noticed Eustachio
  5757 | D:6      | Killed Eustachio
  5830 | D:6      | Reached skill level 1 in Necromancy
  5886 | D:6      | Reached skill level 1 in Summonings
  5979 | D:6      | Found Nagon's Armour Shop.
  6013 | D:6      | Identified the +2 mace of Callousness {vorpal, Will+}
  6250 | D:7      | Found Nemyhowk's Magic Scroll Boutique.
  6419 | D:7      | Bought a scroll of enchant weapon for 97 gold pieces
  6419 | D:7      | Bought a scroll of enchant weapon for 97 gold pieces
  6419 | D:7      | Bought a scroll of enchant weapon for 97 gold pieces
  6649 | D:7      | Reached XP level 10. HP: 57/61 MP: 19/19
  6685 | D:7      | Reached skill level 5 in Spellcasting
  6865 | D:7      | Learned a level 4 spell: Olgreb's Toxic Radiance
  6937 | D:7      | Identified the ring "Jokhesah" {Fly Int+6}
  7117 | D:7      | Noticed a gargoyle
  7164 | D:7      | Bought a scroll of enchant armour for 97 gold pieces
  7380 | D:8      | Reached skill level 5 in Air Magic
  8045 | D:8      | Learned a level 3 spell: Vampiric Draining
  8870 | D:9      | Found a shimmering altar of Xom.
  9178 | D:10     | Entered Level 10 of the Dungeon
  9234 | D:10     | Noticed a kobold demonologist
  9235 | D:10     | Noticed a kobold demonologist
  9236 | D:10     | Noticed a kobold demonologist
  9423 | D:10     | Found a flagged portal.
  9432 | Bailey   | Entered a bailey
  9462 | Bailey   | Reached skill level 5 in Staves
  9494 | Bailey   | Reached XP level 11. HP: 67/67 MP: 20/20
  9688 | Bailey   | Found an iron altar of Okawaru.
 10157 | D:10     | Noticed a sun demon
 10182 | D:11     | Noticed a cyclops
 10197 | D:11     | Killed a cyclops
 10201 | D:11     | Reached skill level 5 in Poison Magic
 10220 | D:11     | Noticed a death yak
 10232 | D:11     | Found a frozen archway.
 10314 | D:11     | Found a staircase to the Orcish Mines.
 10314 | D:11     | Noticed a death yak
 10348 | D:11     | Noticed a death yak
 10390 | D:11     | Found a staircase to the Lair.
 10401 | D:11     | Reached skill level 5 in Summonings
 10457 | D:11     | Noticed a cyan ugly thing
 10474 | D:11     | Killed a cyan ugly thing
 10531 | D:11     | Found a gate leading to a gauntlet.
 10535 | Gauntlet | Entered a Gauntlet
 10535 | Gauntlet | Found a transporter.
 10535 | Gauntlet | Found a transporter.
 10536 | Gauntlet | Noticed a sixfirhy
 10541 | Gauntlet | Found a transporter.
 10541 | Gauntlet | Found a transporter.
 10550 | Gauntlet | Noticed a sixfirhy
 10551 | Gauntlet | Found a transporter.
 10565 | Gauntlet | Found a transporter.
 10582 | Gauntlet | Found a transporter.
 10588 | Gauntlet | Found a transporter.
 10588 | Gauntlet | Noticed a catoblepas
 10591 | Gauntlet | Found the +1 cloak of Starlight {*Dazzle EV+4 Stlth--}
 10592 | Gauntlet | Found a transporter.
 10593 | Gauntlet | Found a transporter.
 10619 | Gauntlet | Found a transporter.
 10670 | Gauntlet | Found a transporter.
 10680 | Gauntlet | Noticed a death scarab
 10691 | Gauntlet | Found a transporter.
 10951 | Gauntlet | Learned a level 3 spell: Frozen Ramparts
 10993 | Gauntlet | Killed a sixfirhy
 11182 | Gauntlet | Identified the +7 gold dragon scales of the Arcane {rPois
                  | rF+ rC+ Will+}
 11182 | Gauntlet | Noticed a minotaur
 11215 | Gauntlet | Killed a minotaur
 11413 | Gauntlet | Identified the Almanac of Hexes
 11645 | D:12     | Killed a death yak
 11646 | D:12     | Reached skill level 5 in Necromancy
 11683 | D:12     | Reached skill level 1 in Armour
 11687 | D:12     | Reached XP level 12. HP: 21/75 MP: 21/21
 11700 | D:12     | Noticed a boulder beetle
 12148 | Lair:1   | Entered Level 1 of the Lair of Beasts
 12420 | Lair:1   | Found an ornate altar of the Wu Jian Council.
 12423 | Lair:1   | Found a hide-covered altar of Uskayaw.
 12423 | Lair:1   | Noticed a boulder beetle
 12432 | Lair:1   | Killed a boulder beetle
 12433 | Lair:1   | Reached skill level 2 in Armour
 12647 | Lair:1   | Reached skill level 5 in Transmutations
 12817 | Lair:1   | Noticed Amaemon
 12832 | Lair:1   | Killed Amaemon
 12843 | Lair:1   | Reached skill level 3 in Armour
 13349 | Lair:2   | Identified the +3 ring mail of the Equator {Contam rElec
                  | rN++ Int+3}
 14060 | Lair:2   | Found a large runed translucent door.
 14060 | Lair:2   | Found a large runed translucent door.
 14064 | Lair:2   | Noticed Qyfeneh's ghost (journeyman DsFi)
 14471 | Lair:3   | Noticed a six-headed hydra
 14471 | Lair:3   | Noticed a five-headed hydra
 14482 | Lair:2   | Reached skill level 4 in Armour
 14784 | Lair:3   | Reached XP level 13. HP: 80/80 MP: 22/22
 14919 | Lair:3   | Noticed Urug
 14935 | Lair:3   | Killed Urug
 14936 | Lair:3   | Reached skill level 5 in Armour
 15448 | Lair:3   | Found a staircase to the Swamp.
 16021 | D:12     | Reached skill level 6 in Armour
 16201 | D:12     | Found Quikk's Armour Shoppe.
 18015 | Lair:3   | Reached skill level 1 in Shields
 18144 | Lair:3   | Reached skill level 7 in Armour
 18627 | Lair:4   | Reached skill level 10 in Fighting
 18837 | Lair:4   | Found a hole to the Spider Nest.
 20141 | Lair:5   | Reached skill level 10 in Staves
 20340 | Lair:5   | Reached skill level 8 in Armour
 20363 | Lair:5   | Reached XP level 14. HP: 89/90 MP: 23/23
 20399 | Lair:5   | Found a runed translucent door.
 20403 | Lair:5   | Found a viscous altar of Jiyva.
 20404 | Lair:5   | Found a staircase to the Slime Pits.
 20547 | Lair:6   | Entered Level 6 of the Lair of Beasts
 21431 | Lair:6   | Reached skill level 5 in Shields
 21557 | Lair:6   | Reached skill level 9 in Armour
 21705 | Lair:6   | Identified the ring "Hawnalel" {rF+ rC+ Will++ Dex+6
                  | Stlth-}
 22203 | Swamp:1  | Entered Level 1 of the Swamp
 22722 | Spider:1 | Entered Level 1 of the Spider Nest
 22827 | Spider:1 | Noticed Aizul
 22832 | Spider:1 | Killed Aizul
 23322 | Spider:1 | Reached skill level 10 in Armour
 23338 | Spider:1 | Noticed an entropy weaver
 23359 | Spider:1 | Killed an entropy weaver
 23360 | Spider:1 | Reached XP level 15. HP: 39/97 MP: 24/24
 23623 | Spider:1 | Reached ** piety under Ashenzari
 24968 | Spider:2 | Identified the +7 hand axe of Hurting Imminent Death
                  | {venom, MP+9}
 25334 | Spider:2 | Noticed an emperor scorpion
 25355 | Spider:2 | Killed an emperor scorpion
 25612 | Spider:3 | Noticed a ghost moth
 25903 | Spider:3 | Reached skill level 11 in Armour
 26005 | Spider:3 | HP: 3/99 [disintegration (56)]
 27218 | D:13     | Noticed Josephine
 27232 | D:13     | Killed Josephine
 28151 | D:14     | Found Joepub's Distillery.
 28159 | D:14     | Bought a potion of heal wounds for 60 gold pieces
 28159 | D:14     | Bought a potion of haste for 120 gold pieces
 28216 | Orc:1    | Entered Level 1 of the Orcish Mines
 28386 | Orc:2    | Entered Level 2 of the Orcish Mines
 28658 | Orc:2    | Reached XP level 16. HP: 106/106 MP: 26/26
 28769 | Orc:2    | Reached skill level 12 in Armour
 29393 | Orc:2    | Found Tusmino's Armour Boutique.
 29393 | Orc:2    | Found Dagruo's Antique Armour Emporium.
 29446 | Orc:2    | Found Xotseisol's Book Boutique.
 29446 | Orc:2    | Found Aquadd's Antique Armour Emporium.
 29902 | Orc:2    | Reached skill level 1 in Fire Magic
 29918 | Orc:2    | Noticed Azrael
 29931 | Orc:2    | Killed Azrael
 29936 | Orc:2    | Reached skill level 1 in Ice Magic
 30167 | Orc:2    | Found a staircase to the Elven Halls.
 30321 | D:7      | Reached skill level 1 in Earth Magic
 30356 | D:7      | Bought a scroll of enchant armour for 97 gold pieces
 30786 | Orc:2    | Found Zyoruloesch's General Store.
 30801 | Orc:2    | Bought a scroll of blinking for 97 gold pieces
 31013 | Orc:1    | Reached *** piety under Ashenzari
 33442 | Swamp:2  | Noticed Jorgrun
 33568 | Swamp:2  | Killed Jorgrun
 33988 | Swamp:3  | Noticed a thorn hunter
 33999 | Swamp:3  | Killed a thorn hunter
 34885 | Swamp:3  | Reached skill level 13 in Armour
 35330 | Swamp:4  | Entered Level 4 of the Swamp
 35946 | Spider:3 | Reached skill level 5 in Fire Magic
 35975 | Spider:3 | Noticed Donald
 35990 | Spider:3 | Reached XP level 17. HP: 83/113 MP: 30/30
 35997 | Spider:3 | Killed Donald
 36417 | Spider:3 | Identified the +7 rapier "Riumpe" {freeze, Int+4 Stlth+}
 37243 | Spider:4 | Entered Level 4 of the Spider Nest
 38147 | Spider:4 | Reached skill level 5 in Ice Magic
 38782 | Spider:4 | Identified the +3 scale mail "Zeog" {rC+}
 40780 | Spider:4 | Reached skill level 14 in Armour
 40792 | Spider:4 | Reached skill level 5 in Earth Magic
 41109 | Spider:4 | Got a gossamer rune of Zot
 41592 | Elf:1    | Entered Level 1 of the Elven Halls
 41940 | Elf:1    | Reached XP level 18. HP: 114/119 MP: 32/32
 42451 | Elf:1    | Found Feveuza's Antique Weapon Emporium.
 44418 | Elf:2    | Found a runed translucent gate.
 44419 | Elf:2    | Found a runed translucent gate.
 44419 | Elf:2    | Found a runed translucent gate.
 44774 | Elf:2    | Noticed a deep elf blademaster
 44783 | Elf:2    | Killed a deep elf blademaster
 45343 | Elf:2    | Noticed Nikola
 45352 | Elf:2    | Killed from afar by Nikola

Illustrated notes

Levels and vault maps discovered:
D:1:      lemuel_arrival_muddy, layout_basic, kennysheep_doodads,
          corexii_hall_statues_l, minmay_misc_feat_doors, lemuel_old_faithful
D:2:      layout_basic, uniq_natasha, uniq_jessica
D:3:      layout_basic, gup_sewer_entry_bubbles,
          dreamdust_ecumenical_altar_grove
D:4:      layout_cave_pools, minmay_temple_entry_ruins,
          sigmund_edmund_badplayer, uniq_edmund
D:5:      layout_cave_pools, nicolae_overflow_hidden_temple, serial_gnoll_camp,
          gnoll_camp_huts_basic, gnoll_camp_mini_hut, gnoll_camp_medium_02,
          grums_kennel, kennysheep_generic_room_14
D:6:      layout_rooms, nicolae_inconvenience_store, uniq_eustachio
D:7:      layout_gridville, serial_shops, nicolae_shop_advertising_works
          [nicolae_subvault_shop_adworks], minmay_misc_feat_tiny
D:8:      layout_rooms, dk_noncrumbling_2, minmay_crystal_water,
          minmay_lizard_king
D:9:      layout_small_grid, brannock_xom_greatest_gift, serial_bayou,
          serial_bayou_pond_c, serial_bayou_shore_b, serial_bayou_pond_e,
          serial_bayou_shore_b, nicolae_figureground_pulse
D:10:     layout_basic, enter_bailey_6, interstate_on_off
D:11:     layout_basic, dpeg_lair_monsters, orc_0_dummy, gauntlet_entry_generic,
          portal_ice_cave_rime
D:12:     layout_basic, serial_shops, kennysheep_little_box, nrook_uturn
D:13:     layout_irregular_city, minivault_20, eino_tiny_chamber, uniq_josephine
D:14:     layout_roguey, david_vaults_4, serial_shops, shop,
          lemuel_blue_sif_altar, hangedman_decor_opposing, drop_trap,
          amcnicky_altar_lugonu_corruption
Temple:   mainiacjoe_temple_coin_purse
Lair:1:   layout_regular_city, nzn_masters_of_martial_movement,
          infiniplex_staircase_pool_2, uniq_amaemon
Lair:2:   layout_regular_city, ebering_ghost_disaster_area
Lair:3:   layout_small_grid, minmay_swamp_entry_reptiles, grunt_megastairs_1,
          uniq_urug
Lair:4:   layout_hall_layers, dummy_spider_entry, st_stairs_10
Lair:5:   layout_concentric_octagons, slime_altar_2, beast_lair_carwin_6
Lair:6:   gammafunk_lair_ancient_temple, layout_loops_ring,
          serial_bayou_lagoon_a
Swamp:1:  layout_basic_swamp, evilmike_swamp_ruin_house_3
Swamp:2:  layout_basic_swamp, nicolae_swamp_ascending_descending_big,
          uniq_jorgrun
Swamp:3:  layout_falls_marsh, nicolae_swamp_trees_clearing,
          nicolae_swamp_feature_on_the_river_bank
Swamp:4:  grunt_swamp_rune_castle, layout_basic_swamp, swamp_pool2,
          grunt_ruined_hall
Spider:1: layout_chambers, uniq_aizul
Spider:2: spiders_nest_scorpion_pit
Spider:3: nicolae_spider_mines_1, hellmonk_spider_spawner, uniq_donald
Spider:4: spider_rune_water, nicolae_spider_some_kinda_spiderbox
Orc:1:    layout_caves, mines2_lemuel
Orc:2:    st_orc_town, layout_caves, serial_shops,
          nicolae_shop_temple_entry_statues_fountains, uniq_azrael
Elf:1:    eino_elf_arrival_the_gate, layout_onion_city, serial_shops,
          nicolae_shop_stone, hangedman_elf_disciples
Elf:2:    nicolae_elf_blades_crystal_corner, layout_loops_corners, uniq_nikola

Skill      XL: |  1  2  3  4  5  6  7  8  9 10 11 12 13 14 15 16 17 18 |
---------------+-------------------------------------------------------+-----
Dodging        | 2 3 4 5 6 7 8 |  8.2
Spellcasting   | 1 2 3 4 5 6 8 |  8.3
Fighting       | 3 4 5 6 7 8 10 11 13 | 13.6
Stealth        | 5 6 7 |  7.5
Air Magic      | 2 4 6 7 8 |  8.5
Staves         | 2 3 5 6 7 10 11 12 | 12.8
Poison Magic   | 2 3 4 5 6 |  6.5
Transmutations | 1 2 3 4 5 |  5.3
Necromancy     | 2 3 5 6 |  6.2
Summonings     | 2 4 6 7 |  7.0
Armour         | 1 4 8 10 11 13 14 | 14.3
Shields        | 3 6 9 |  9.3
Fire Magic     | 5 7 9 |  9.8
Ice Magic      | 4 6 8 |  8.1
Earth Magic    | 3 5 6 |  6.8
Short Blades   | |  2.2
Throwing       | |  2.0

Action                   |  1- 3 |  4- 6 |  7- 9 | 10-12 | 13-15 | 16-18 || total
-------------------------+-------+-------+-------+-------+-------+-------++-------
Melee: Dagger            |    25 |    87 |       |       |       |       ||   112
       Kick              |     5 |    28 |    64 |   127 |   272 |   352 ||   848
       Peck              |     2 |    30 |    35 |    92 |   184 |   219 ||   562
       Punch             |     1 |     1 |     1 |       |       |       ||     3
       Whip              |       |    43 |   100 |       |       |       ||   143
       Lajatang          |       |       |   120 |   384 |   647 |   793 ||  1944
       Mace              |       |       |       |       |    31 |     2 ||    33
Throw: Dart              |     6 |     5 |     5 |    11 |    30 |       ||    57
       Throwing net      |       |       |       |     3 |       |       ||     3
       Javelin           |       |       |       |       |       |     6 ||     6
 Cast: Olgreb's Toxic Ra |       |       |       |     1 |       |       ||     1
Invok: Curse Item        |       |       |     2 |     1 |     1 |     1 ||     5
       Shatter the Chain |       |       |       |     1 |       |       ||     1
Evoke: Wand              |       |       |     2 |     8 |    17 |     4 ||    31
       Phantom mirror    |       |       |       |       |     1 |     1 ||     2
  Use: Scroll            |       |       |    17 |     5 |     6 |    10 ||    38
       Potion            |       |       |     1 |     5 |     6 |     6 ||    18
 Stab: Sleeping          |    10 |    21 |    14 |     8 |       |       ||    53
       Distracted        |       |     1 |     4 |     5 |    16 |    17 ||    43
       Invisible         |       |       |       |     7 |     5 |     5 ||    17
       Held in net/web   |       |       |       |     2 |       |       ||     2
       Petrifying        |       |       |       |       |     1 |       ||     1
Armor: Robe              |     2 |    24 |     6 |       |       |       ||    32
       Ring mail         |       |       |    49 |    53 |       |       ||   102
       Gold dragon scale |       |       |       |   124 |   542 |   380 ||  1046
Dodge: Dodged            |    15 |    63 |   176 |   290 |   179 |   224 ||   947
Block: Other             |       |       |       |    21 |   120 |   110 ||   251
       Kite shield       |       |       |       |       |    62 |       ||    62
       Reflection        |       |       |       |       |     4 |     3 ||     7

Table legend: (Time is in decaauts)
 A = Elapsed time spent in this place.
 B = Non-inter-level travel time spent in this place.
 C = Inter-level travel time spent in this place.
 D = Time resting spent in this place.
 E = Time spent auto-exploring this place.
 F = Levels seen in this place.
 G = Mean time per level.
                   A        B        C        D        E       F      G
               +--------+--------+--------+--------+--------+-----+--------+
         Total |  42827 |  40431 |   2396 |  12667 |  17278 |  36 | 1189.6 |
       Dungeon |  12616 |  11845 |    771 |   2252 |   5828 |  14 |  901.1 |
        Temple |    262 |    242 |     20 |    193 |     18 |   1 |  262.0 |
          Lair |   9387 |   8621 |    766 |   3490 |   3109 |   6 | 1564.5 |
         Swamp |   3342 |   3231 |    111 |    919 |   1658 |   4 |  835.5 |
   Spider Nest |   8940 |   8468 |    472 |   3807 |   2928 |   4 | 2235.0 |
  Orcish Mines |   2969 |   2733 |    236 |    948 |   1069 |   2 | 1484.5 |
   Elven Halls |   3314 |   3297 |     17 |    373 |   2291 |   2 | 1657.0 |
         Sewer |    807 |    807 |      0 |     75 |    324 |   1 |  807.0 |
        Bailey |    329 |    329 |      0 |    145 |     51 |   1 |  329.0 |
      Gauntlet |    857 |    857 |      0 |    462 |      0 |   1 |  857.0 |
               +--------+--------+--------+--------+--------+-----+--------+

Top non-repeatable levels by time:
Spider:4: 3489 daAuts
  Lair:3: 2561 daAuts
Spider:2: 2011 daAuts
  Lair:2: 1924 daAuts
Spider:3: 1727 daAuts
Spider:1: 1712 daAuts
   Elf:1: 1662 daAuts
   Elf:2: 1651 daAuts
   Orc:2: 1642 daAuts
  Lair:6: 1396 daAuts
 Swamp:2: 1364 daAuts
    D:11: 1354 daAuts
  Lair:1: 1344 daAuts
   Orc:1: 1327 daAuts
  Lair:5: 1291 daAuts
